 Dungeon Crawl Stone Soup version 0.32-a0-900-g30fb1b0edc (webtiles) character file.

Game seed: 15818317374832512708

1584 dialectric the Skirmisher (level 8, -1/48 HPs)
             Began as a Deep Elf Hunter on Apr 5, 2024.
             Killed from afar by Maggie (23 damage)
             ... with a bolt of fire
             ... on level 7 of the Dungeon.
             The game lasted 00:08:22 (5654 turns).

dialectric the Skirmisher (Deep Elf Hunter)         Turns: 5654, Time: 00:08:23

Health: -1/48      AC:  8    Str:  8    XL:     8   Next: 61%
Magic:  10/10      EV: 14    Int: 15    God:
Gold:   316        SH:  0    Dex: 20    Spells: 7/7 levels left

rFire   . . .        k - +1 dagger (venom)
rCold   . . .        (no shield)
rNeg    . . .        c - +0 leather armour
rPois   .            (no helmet)
rElec   .            (no cloak)
rCorr   .            s - +0 pair of gloves
SInv    .            (no boots)
Will    .....        f - amulet of the acrobat
Stlth   ++           r - +4 ring of protection
HPRegen 0.28/turn    (no ring)
MPRegen 0.12/turn

%: acrobat
@: no status effects
A: no striking features
a: no special abilities


You were on level 7 of the Dungeon.
You visited 1 branch of the dungeon, and saw 7 of its levels.

You collected 316 gold pieces.

Inventory:

Hand Weapons
 a - a +0 shortbow
 j - a +1 falchion of holy wrath
 k - a +1 dagger of venom (weapon)
 w - a +2 short sword of protection
 x - a +0 orcbow
Missiles
 m - 24 poisoned darts (quivered)
 F - 2 darts of dispersal
Armour
 c - a +0 leather armour (worn)
 s - a +0 pair of gloves (worn)
 z - a +0 scale mail of cold resistance
 E - a +2 kite shield of resistance
Jewellery
 f - an amulet of the acrobat (around neck)
 r - a +4 ring of protection (left hand)
 v - an amulet of guardian spirit
 y - a +6 ring of strength
 D - an amulet of reflection
 G - a ring of flight
Talismans
 o - a beast talisman
Wands
 I - a wand of roots (5)
Scrolls
 b - a scroll of butterflies
 g - 3 scrolls of revelation
 i - 2 scrolls of blinking
 l - 2 scrolls of amnesia {unknown}
 n - 2 scrolls of enchant weapon {unknown}
 q - 2 scrolls of noise
 C - 2 scrolls of vulnerability {unknown}
 H - a scroll of immolation {unknown}
Potions
 d - 2 potions of invisibility
 h - a potion of mutation {unknown}
 p - 2 potions of might
 t - a potion of enlightenment
 u - a potion of ambrosia {unknown}
 A - a potion of resistance
 B - a potion of haste {unknown}
 J - a potion of degeneration {unknown}
 K - a potion of brilliance {unknown}


   Skills:
 + Level 4.4 Fighting
 + Level 4.0 Short Blades
 + Level 8.5 Ranged Weapons
 + Level 3.2 Armour
 + Level 6.5 Dodging
 - Level 3.3 Stealth


You had 7 spell levels left.
You didn't know any spells.
Your spell library contained the following spells:

 Spells                   Type           Power      Damage    Failure   Level
 Apportation              Tloc           0%         N/A       36%         1
 Necrotise                Necr           0%         1d4       36%         1
 Sting                    Conj/Alch      0%         1d3       36%         1
 Summon Small Mammal      Summ           0%         N/A       36%         1
 Static Discharge         Conj/Air       0%         3-3/arc   50%         2
 Airstrike                Air            0%         2d(0-16)  98%         4
 Summon Lightning Spire   Summ/Air       0%         N/A       98%         4


Dungeon Overview and Level Annotations

Branches:
Dungeon (7/15)
 Temple: D:4-7

Altars:
Ashenzari
Cheibriados
Hepliaklqana
Ru
Vehumet
The Shining One

Annotations:
D:3 Pokonic1's ghost, amateur MDEE
D:7 Maggie


Message History

Maggie casts a spell.
Maggie attempts to bespell you! You resist with some effort.
You hit Maggie.
Maggie looks as sick as possible!
Maggie is lightly wounded.
You hit Maggie.
Maggie looks as sick as possible!
Maggie is lightly wounded.
Maggie hits you with a +0 glaive!
You barely miss Maggie.
Maggie is lightly wounded.
Maggie hits you with a +0 glaive.
You barely miss Maggie.
Maggie is moderately wounded.
Maggie closely misses you.
You closely miss Maggie.
Maggie is moderately wounded.
Maggie hits you but does no damage.
You barely miss Maggie.
Maggie is moderately wounded.
You hit Maggie but do no damage.
Maggie is heavily wounded.
Maggie hits you but does no damage.
You hit Maggie but do no damage.
Maggie looks as sick as possible!
Maggie is heavily wounded.
Maggie hits you with a +0 glaive.
You hit Maggie.
Maggie looks as sick as possible!
Maggie is heavily wounded.
Maggie closely misses you.
You hit Maggie but do no damage.
Maggie looks as sick as possible!
Maggie is severely wounded.
Maggie closely misses you.
You barely miss Maggie.
Maggie is severely wounded.
You closely miss Maggie.
Maggie is severely wounded.
Maggie hits you with a +0 glaive!
You hit Maggie but do no damage.
Maggie looks as sick as possible!
Maggie is severely wounded.
Maggie gestures at you while chanting. The bolt of fire hits you!!
You die...

o.# .....# ...
.....# ..##......
##.......#
##........##....##..
#...................
#.........# ........
#..@...>.###.....[..
##@..##...#...>.##..
#.....##............
##..##..............
#####..............
#......).......#
##............##
##....##.......
##..###.......


You could see Maggie (extremely poisoned) and an orc warrior.

Vanquished Creatures
  An ice beast (D:6)
  3 ogres
  A centaur (D:7)
  2 phantoms
  3 bullfrogs
  A scorpion (D:4)
  A howler monkey (D:6)
  An orc priest (D:5)
  3 bombardier beetles
  3 hounds
  2 jellies
  A gnoll bouda (D:2)
  A sleepcap (D:4)
  5 iguanas
  3 orc wizards
  4 gnolls
  7 adders
  2 dart slugs (D:4)
  5 ribbon worms
  12 orcs
  8 ball pythons
  5 endoplasms
  5 giant cockroaches
  5 goblins
  2 hobgoblins
  6 kobolds
  5 quokkas
  6 bats
  A frilled lizard (D:2)
  4 rats
108 creatures vanquished.

Notes
Turn   | Place    | Note
-------+----------+-------------------------------------------
     0 | D:1      | dialectric the Deep Elf Hunter began the quest for the Orb.
     0 | D:1      | Reached XP level 1. HP: 12/12 MP: 3/3
   108 | D:1      | Reached XP level 2. HP: 17/17 MP: 4/4
   949 | D:2      | Reached XP level 3. HP: 21/21 MP: 5/5
  1364 | D:2      | Reached XP level 4. HP: 6/26 MP: 6/6
  1530 | D:3      | Reached skill level 6 in Ranged Weapons
  1610 | D:3      | Found a runed translucent door.
  1613 | D:3      | Noticed a bullfrog
  1637 | D:3      | Noticed Pokonic1's ghost (amateur MDEE)
  1961 | D:3      | Reached XP level 5. HP: 23/31 MP: 7/7
  2539 | D:4      | Reached skill level 1 in Short Blades
  2643 | D:4      | Reached XP level 6. HP: 28/37 MP: 8/8
  2730 | D:4      | Reached skill level 1 in Armour
  2959 | D:4      | Found a radiant altar of Vehumet.
  3256 | D:4      | Found a snail-covered altar of Cheibriados.
  3266 | D:4      | Reached skill level 7 in Ranged Weapons
  3343 | D:4      | Reached XP level 7. HP: 27/41 MP: 9/9
  3348 | D:4      | Reached skill level 5 in Dodging
  3447 | D:5      | Entered Level 5 of the Dungeon
  4184 | D:5      | Reached XP level 8. HP: 48/48 MP: 10/10
  4668 | D:6      | Reached skill level 8 in Ranged Weapons
  5134 | D:6      | Found a sacrificial altar of Ru.
  5137 | D:6      | Found a glowing golden altar of the Shining One.
  5147 | D:6      | Found a hazy altar of Hepliaklqana.
  5220 | D:6      | Found a broken altar of Ashenzari.
  5637 | D:7      | Noticed Maggie
  5654 | D:7      | Killed from afar by Maggie

Illustrated notes

Levels and vault maps discovered:
D:1:      kennysheep_arrival_forest, layout_basic
D:2:      layout_loops_ring, nrook_mini_backslash, minmay_misc_feat_rugged
D:3:      layout_rooms, ebering_ghost_sewer_d, nrook_uturn
D:4:      layout_loops_corners, chei_slow_surprise, vehumet_crystals,
          nrook_loot_triangle, grunt_tough_drop
D:5:      layout_basic
D:6:      layout_cave_pools, ashenzari_conservatory_becter,
          grunt_temple_overflow_diamond, chequers_serial_rivers_marsh,
          corexii_leaking_fountain
D:7:      layout_cave_pools, pdpol_wu_jian_five_deadly_venoms, temple_hall,
          kennysheep_generic_room_12, uniq_maggie, uniq_duvessa

Skill      XL: |  1  2  3  4  5  6  7  8 |
---------------+-------------------------+-----
Stealth        | 2 3 |  3.3
Fighting       | 2 3 4 |  4.4
Dodging        | 3 4 5 6 |  6.5
Ranged Weapons | 6 7 8 |  8.5
Short Blades   | 1 2 3 4 |  4.0
Armour         | 1 2 3 |  3.2

Action                     |  1- 3 |  4- 6 |  7- 9 || total
---------------------------+-------+-------+-------++-------
  Melee: Dagger            |    13 |   169 |   178 ||   360
         Falchion          |       |       |    11 ||    11
   Fire: Shortbow          |    73 |       |    15 ||    88
         Orcbow            |       |       |    12 ||    12
    Use: Potion            |     1 |     1 |     1 ||     3
         Scroll            |       |       |    11 ||    11
   Stab: Sleeping          |       |     4 |       ||     4
 Armour: Leather armour    |    20 |    93 |    83 ||   196
         Skin              |       |       |    11 ||    11
  Dodge: Dodged            |    22 |   105 |   136 ||   263

Table legend: (Time is in decaauts)
 A = Elapsed time spent in this place.
 B = Non-inter-level travel time spent in this place.
 C = Inter-level travel time spent in this place.
 D = Time resting spent in this place.
 E = Time spent auto-exploring this place.
 F = Levels seen in this place.
 G = Mean time per level.
                   A        B        C        D        E       F      G
               +--------+--------+--------+--------+--------+-----+--------+
         Total |   5638 |   5277 |    361 |    539 |   3552 |   7 |  805.4 |
       Dungeon |   5638 |   5277 |    361 |    539 |   3552 |   7 |  805.4 |
               +--------+--------+--------+--------+--------+-----+--------+

Top non-repeatable levels by time:
     D:4: 1478 daAuts
     D:6: 988 daAuts
     D:2: 825 daAuts
     D:5: 809 daAuts
     D:3: 728 daAuts
     D:1: 660 daAuts
     D:7: 147 daAuts
